 Dungeon Crawl Stone Soup version 0.28.0-53-g5a82cb258f (webtiles) character file.

Game seed: 13482516338917022062

57986 jiml777 the Eclecticist (level 14, -3/61 HPs)
             Began as a Deep Elf Air Elementalist on June 15, 2022.
             Was the Champion of Hepliaklqana.
             Slain by an orc warrior
             ... wielding a +0 battleaxe
              (15 damage)
             ... on level 11 of the Dungeon.
             The game lasted 02:51:48 (26322 turns).

jiml777 the Eclecticist (DEAE)                     Turns: 26322, Time: 02:51:49

Health: -3/61      AC: 13    Str:  5    XL:     14   Next: 47%
Magic:  42/44      EV: 16    Int: 26    God:    Hepliaklqana [******]
Gold:   933        SH:  0    Dex: 15    Spells: 22/43 levels left

rFire   . . .      SeeInvis .   W - staff of air
rCold   . . .      Faith    .   (no shield)
rNeg    . . .      Spirit   .   Q - +0 troll leather armour
rPois   .          Reflect  .   T - +0 helmet
rElec   +          Harm     .   V - +0 cloak
rCorr   .          Rampage  .   e - +2 pair of gloves
Will    +....                   o - +0 pair of boots
Stlth   ++........              z - amulet of the acrobat
HPRegen 1.00/turn               u - +4 ring of evasion
MPRegen 0.29/turn               H - ring of magical power

@: no status effects
A: reduced essence, iridescent scales 1, mutation resistance 1
a: Renounce Religion, Recall Ancestor, Ancestor Identity, Transference, Idealise


You were on level 11 of the Dungeon.
You worshipped Hepliaklqana.
Hepliaklqana was exalted by your worship.
You visited 3 branches of the dungeon, and saw 19 of its levels.

You collected 1060 gold pieces.
You spent 127 gold pieces at shops.

Inventory:

Hand Weapons
 B - the +7 hand axe of the Eleven Suns {speed, Dex+2}
   (You found it on level 6 of the Dungeon)

   Attacks with this weapon are significantly faster.
   Dex:       It affects your dexterity (+2).
Missiles
 b - 3 boomerangs of dispersal
 F - 5 atropa-tipped darts
 R - 5 curare-tipped darts
Armour
 e - a +2 pair of gloves (worn)
 l - a +2 leather armour of cold resistance
 o - a +0 pair of boots (worn)
 Q - a +0 troll leather armour (worn)
 T - a +0 helmet (worn)
 V - a +0 cloak (worn)
 Y - the +0 pair of boots of the Evening {Harm rF+}
   (You found it on level 6 of the Lair of Beasts)

   rF:        It protects you from fire.
   Harm:      It increases damage dealt and taken.
Magical Staves
 K - a staff of conjuration
 W - a staff of air (weapon)
Jewellery
 u - a +4 ring of evasion (left hand)
 z - an amulet of the acrobat (around neck)
 H - a ring of magical power (right hand)
 S - a ring of protection from cold
Wands
 a - a wand of polymorph (9)
 j - a wand of paralysis (2)
 p - a wand of flame (76)
 J - a wand of iceblast (15)
Scrolls
 f - 8 scrolls of teleportation
 g - a scroll of fog
 i - 5 scrolls of amnesia
 x - 3 scrolls of fear
 A - 7 scrolls of identify
 I - 2 scrolls of enchant weapon
 O - a scroll of magic mapping
 X - a scroll of summoning
Potions
 d - a potion of curing
 k - 2 potions of flight
 m - 6 potions of brilliance
 w - 2 potions of resistance
 E - a potion of cancellation
 G - 3 potions of might
 N - a potion of berserk rage
 U - a potion of invisibility


   Skills:
 + Level 0.7 Fighting
 - Level 1.0 Short Blades
 - Level 4.2 Axes
 + Level 1.3 Staves
 - Level 4.1 Armour
 - Level 3.5 Dodging
 - Level 4.0 Stealth
 + Level 15.4 Spellcasting
 * Level 9.8 Conjurations
 * Level 3.1 Summonings
 * Level 7.9 Translocations
 * Level 14.9 Air Magic
 + Level 8.0 Invocations
 + Level 8.3 Evocations


You had 22 spell levels left.
You knew the following spells:

 Your Spells              Type           Power      Damage    Failure   Level
a - Shock                 Conj/Air       100%       1d9       1%          1
b - Static Discharge      Conj/Air       91%        N/A       1%          2
c - Swiftness             Air            98%        N/A       1%          3
d - Airstrike             Air            49%        N/A       1%          4
e - Lightning Bolt        Conj/Air       45%        1d65      1%          5
f - Blink                 Tloc           100%       N/A       1%          2
g - Summon Lightning Spi  Summ/Air       79%        N/A       1%          4

Your spell library contained the following spells:

 Spells                   Type           Power      Damage    Failure   Level
 Corpse Rot               Necr/Air       100%       N/A       1%          2
 Poisonous Vapours        Pois/Air       100%       N/A       1%          2
 Conjure Flame            Conj/Fire      45%        6-21      1%          3
 Freeze                   Ice            80%        1d9       4%          1
 Manifold Assault         Tloc           57%        N/A       4%          5
 Hailstorm                Conj/Ice       45%        3d10      5%          4
 Sticky Flame             Conj/Fire      45%        2d6       5%          4
 Frozen Ramparts          Ice            40%        1d6       12%         3
 Ignite Poison            Fire/Tmut/Pois 20%        N/A       12%         3
 Ozocubu's Armour         Ice            20%        N/A       12%         3
 Animate Dead             Necr           10%        N/A       38%         4
 Olgreb's Toxic Radiance  Pois           20%        N/A       38%         4
 Maxwell's Capacitive Co  Air            49%        ∞         50%         8
 Borgnjor's Vile Clutch   Necr/Erth      10%        N/A       75%         5
 Metabolic Englaciation   Hex/Ice        10%        N/A       75%         5
 Storm Form               Tmut/Air       36%        N/A       85%         7
 Death Channel            Necr           10%        N/A       99%         6
 Simulacrum               Ice/Necr       10%        N/A       99%         6
 Ozocubu's Refrigeration  Ice            10%        4d7       100%        7
 Ignition                 Fire           10%        3d5       100%        8


Dungeon Overview and Level Annotations

Branches:
Dungeon (11/15)            Temple (0/1) D:7            Lair (6/6) D:10
  Swamp (0/4) Lair:2        Snake (0/4) Lair:3        Slime (0/5) Lair:5
    Orc (2/2) D:11
    Elf: Orc:2

Altars:
Hepliaklqana
Xom
Jiyva

Shops:
Orc:1 ?

Annotations:
Orc:2 Erolcha


Innate Abilities, Weirdness & Mutations

Your life essence is reduced to manifest your ancestor. (-10% HP)
You are partially covered in iridescent scales. (AC +2)
You are somewhat resistant to further mutation.


Message History

* * * LOW HITPOINT WARNING * * *
You climb upwards.
The neqoxec disappears in a puff of smoke!
Reactivating autopickup.
There is a stone staircase leading down, spattered with blood here.
Blink to where?
Press: ? - help, Dir - move target
As you read the scroll of blinking, it crumbles to dust.
Manelesi closely misses the orc warrior.
Manelesi barely misses the orc warrior.
You climb upwards.
Welcome back to the Dungeon!
There is a staircase to the Orcish Mines here.
Manelesi is recalled.
You start resting.
Magic restored.
You start resting.
HP restored.
You climb downwards.
Welcome back to the Orcish Mines!
The ogre misses you.
The orc warrior hits you with a +0 dire flail.
The orc knight roars a battlecry!
The orcs go into a battle-frenzy!
The orc warrior hits you with a +0 battleaxe!!!
Ouch! That really hurt!
The orc warrior barely misses Manelesi.
The orc warrior hits you with a +0 dire flail!
* * * LOW HITPOINT WARNING * * *
The ogre closely misses you. The orc knight completely misses you.
There is a staircase back to the Dungeon, spattered with blood here.
Manelesi hits the orc warrior with a +0 quarterstaff!!
The orc warrior dies!
The orc warrior misses you.
The orc warrior closely misses Manelesi.
The orc sorcerer closely misses you. The orc knight closely misses you.
You climb upwards.
Welcome back to the Dungeon!
There is a staircase to the Orcish Mines here.
Casting: Static Discharge (safe; 1% risk of failure)
Confirm with . or Enter, or press ? or * to list all spells.
You blink.
The orc warrior hits you with a +0 battleaxe!
You die...

.......####......####...?......##
........#.#........#.......#....#
...........................##....
.............#..[...###...####...
.....#.#####.....#####.....#.#.<.
.....#.#......8......#..>........
.......#......[......#...##......
.......#.............#..!........
......#......oOo@................
........8.....R.....8............
..............o..................
.......#.............#...........
.......#....[........#...........
#..#...#......8..?...#...........
#......#####.....#####...........
..................###............
.#.#...............#...#.........


You could see the friendly Manelesi the battlemage, an orc knight, an orc
sorcerer (strong), an orc warrior (strong) and an ogre.

Vanquished Creatures
  An orc warlord (Orc:1)
  A dire elephant (Lair:6)
  The ghost of mdk the Wallflower, a journeyman VSFi of Uskayaw (Lair:6)
  4 hydras
  2 boulder beetles (D:11)
  A centaur warrior (D:11)
  A catoblepas (Lair:6)
  A deep troll shaman (Lair:6)
  7 death yaks
  Sonja (Lair:4)
  A lindwurm (Lair:5)
  A deep elf pyromancer (D:11)
  A manticore (D:11)
  Joseph (D:10)
  3 elephants
  A gargoyle (D:11)
  An unseen horror (D:10)
  4 cane toads
  A tengu conjurer (D:11)
  8 komodo dragons
  2 polar bears
  The ghost of trickyswaf the Poker, an amateur MiFi of Wu Jian (D:5)
  A troll (D:11)
  A hornet (D:10)
  5 dream sheep (Lair:5)
  15 blink frogs
  2 shadows (D:11)
  2 wyverns (Lair:4)
  20 yaks
  4 basilisks
  3 wraiths
  3 hogs (Lair:6)
  A steam dragon (D:7)
  A swamp worm (Lair:2)
  8 vampire mosquitoes
  A warg (Orc:1)
  A naga (Lair:3)
  6 water moccasins
  A black bear (Lair:3)
  8 orc warriors
  4 wolves
  A necrophage (D:6)
  2 ogres (D:6)
  A phantom (D:11)
  6 centaurs
  A kobold brigand (D:7)
  7 bullfrogs
  A gnoll sergeant (D:10)
  A scorpion (D:7)
  A water moccasin zombie (D:5)
  13 killer bees
  A wight (D:6)
  4 electric eels
  A howler monkey (D:7)
  3 centaur zombies
  10 orc priests
  A hound (D:5)
  5 iguanas
  7 orc wizards
  Natasha (D:4)
  3 hell rats (Lair:5)
  A spriggan simulacrum (D:11)
  A killer bee zombie (D:8)
  An ogre zombie (D:11)
  3 howler monkey zombies
  10 gnolls
  6 adders
  3 ufetubi
  An adder skeleton (D:4)
  3 dart slugs
  24 orcs
  5 ball pythons
  2 endoplasms
  2 giant cockroaches
  8 goblins
  10 hobgoblins
  5 jackals
  A quokka (D:4)
  6 bats
  A frilled lizard (D:3)
  A goblin skeleton (D:11)
  2 hobgoblin zombies (D:11)
  14 kobolds
  2 orc skeletons (D:11)
  8 orc zombies (D:11)
  2 rats (D:1)
324 creatures vanquished.

Vanquished Creatures (collateral kills)
  Kirke (Lair:6)
  A boulder beetle (Lair:1)
  5 hydras
  A catoblepas (Lair:4)
  4 death yaks (Lair:6)
  5 centaur zombies
  9 elephants
  A torpor snail (Lair:2)
  A gargoyle (D:11)
  3 cane toads
  A kobold demonologist (D:11)
  2 komodo dragons (Lair:6)
  A troll (D:9)
  2 polar bears
  A tyrant leech (Lair:2)
  4 blink frogs
  A shadow (D:11)
  17 yaks
  A basilisk (Lair:2)
  4 vampire mosquitoes
  A hog (Lair:6)
  A steam dragon (D:9)
  2 two-headed ogre zombies (D:11)
  An acid dragon (D:9)
  7 water moccasins
  A sky beast (D:6)
  2 ice beasts
  6 orc warriors
  2 ogres
  A centaur (D:10)
  A phantom (D:4)
  4 wolves
  A kobold brigand (D:9)
  A bullfrog (Lair:5)
  A wyvern skeleton (D:6)
  A troll zombie (D:11)
  5 killer bees
  A bullfrog zombie (D:6)
  2 hounds
  3 gnoll shamans
  3 orc priests
  A jelly (D:5)
  Natasha (twice) (D:4)
  An iguana (D:4)
  5 orc wizards
  3 hell rats (Lair:5)
  A troll simulacrum (D:11)
  4 ogre zombies (D:11)
  Robin (D:4)
  An adder (D:4)
  6 gnolls
  A shadow imp (D:5)
  9 orcs
  A ball python (D:3)
  2 endoplasms
  4 goblins (D:4)
  A hobgoblin (D:3)
  A jackal (D:3)
  A goblin skeleton (D:11)
  A hobgoblin skeleton (D:11)
  3 hobgoblin zombies (D:11)
  2 orc skeletons (D:11)
  5 orc zombies (D:11)
168 creatures vanquished.

Vanquished Creatures (others)
  2 humans (Lair:6)
  13 battlemagi
  2 ancestors (D:3)
  A bush (Lair:6)
  45 fungi
  73 plants
  2 withered plants (Lair:6)
138 creatures vanquished.

Grand Total: 630 creatures vanquished

Notes
Turn   | Place    | Note
-------+----------+-------------------------------------------
     0 | D:1      | jiml777 the Deep Elf Air Elementalist began the quest for
                  | the Orb.
     0 | D:1      | Reached XP level 1. HP: 10/10 MP: 6/6
    19 | D:1      | You fall into a shaft and drop 1 floor!
   131 | D:2      | Reached XP level 2. HP: 15/15 MP: 5/8
   827 | D:1      | Reached XP level 3. HP: 19/19 MP: 6/9
  1344 | D:1      | Found a faded altar of an unknown god.
  1353 | D:1      | Prayed at the altar of an unknown god.
  1353 | D:1      | Became a worshipper of Hepliaklqana the Forgotten
  1353 | D:1      | Reached * piety under Hepliaklqana
  2130 | D:3      | Found a transporter.
  2177 | D:3      | Found a transporter.
  2217 | D:3      | Reached skill level 1 in Armour
  2289 | D:3      | Reached skill level 4 in Spellcasting
  2289 | D:3      | Reached XP level 4. HP: 16/21 MP: 12/12
  2292 | D:3      | Reached XP level 5. HP: 19/25 MP: 13/13
  2588 | D:3      | Gained mutation: Your spells are a little easier to cast,
                  | but a little less powerful. [potion of mutation]
  2588 | D:3      | HP: 1/25 [orc/+0 hand axe (3)]
  3506 | D:4      | Found a shimmering altar of Xom.
  3534 | D:4      | Reached ** piety under Hepliaklqana
  3535 | D:4      | Remembered your ancestor Manelesi as a battlemage
  3560 | D:4      | Reached XP level 6. HP: 28/28 MP: 9/14
  3599 | D:4      | Noticed Natasha
  3604 | D:4      | Killed Natasha
  3697 | D:4      | Learned a level 2 spell: Static Discharge
  3701 | D:4      | Learned a level 3 spell: Swiftness
  3706 | D:4      | Learned a level 4 spell: Airstrike
  3716 | D:4      | Reached skill level 5 in Spellcasting
  3716 | D:4      | Reached skill level 1 in Evocations
  3838 | D:4      | Noticed Natasha
  3842 | D:4      | Killed Natasha
  3843 | D:4      | Reached XP level 7. HP: 32/32 MP: 9/16
  3983 | D:4      | Noticed Robin
  3986 | D:4      | Killed Robin
  4116 | D:4      | Noticed Natasha
  4119 | D:4      | Killed Natasha
  4362 | D:5      | Entered Level 5 of the Dungeon
  4373 | D:5      | Reached skill level 6 in Spellcasting
  4768 | D:5      | Reached skill level 7 in Spellcasting
  4768 | D:5      | Reached skill level 5 in Air Magic
  4768 | D:5      | Reached XP level 8. HP: 36/36 MP: 14/21
  4883 | D:5      | Found a runed translucent gate.
  4884 | D:5      | Found a runed translucent gate.
  4885 | D:5      | Found a runed translucent gate.
  4887 | D:5      | Noticed trickyswaf's ghost (amateur MiFi)
  4902 | D:5      | Killed trickyswaf's ghost
  4903 | D:5      | Reached skill level 5 in Conjurations
  4903 | D:5      | Reached skill level 1 in Invocations
  5205 | D:5      | Lost mutation: Your spells are a little easier to cast, but
                  | a little less powerful. [potion of mutation]
  5205 | D:5      | Gained mutation: You are somewhat resistant to further
                  | mutation. [potion of mutation]
  5205 | D:5      | Gained mutation: You are partially covered in iridescent
                  | scales. (AC +2) [potion of mutation]
  5583 | D:6      | Reached skill level 8 in Spellcasting
  5597 | D:6      | Reached *** piety under Hepliaklqana
  5723 | D:6      | Identified the +7 hand axe of the Eleven Suns {speed,
                  | Dex+2}
  5734 | D:6      | Reached XP level 9. HP: 40/40 MP: 17/23
  5871 | D:6      | Reached skill level 1 in Short Blades
  6526 | D:6      | Reached skill level 1 in Axes
  6743 | D:7      | Reached skill level 9 in Spellcasting
  7313 | D:7      | Found a staircase to the Ecumenical Temple.
  7522 | D:7      | Found a hazy altar of Hepliaklqana.
  7523 | D:7      | Found a faded altar of an unknown god.
  7619 | D:7      | Reached **** piety under Hepliaklqana
  7678 | D:7      | Learned a level 5 spell: Lightning Bolt
  7681 | D:7      | Learned a level 2 spell: Blink
  8289 | D:8      | Reached XP level 10. HP: 45/45 MP: 21/25
  9559 | D:9      | Reached skill level 10 in Spellcasting
  9559 | D:9      | Reached skill level 1 in Translocations
  9559 | D:9      | Reached ***** piety under Hepliaklqana
 10533 | D:10     | Entered Level 10 of the Dungeon
 10539 | D:10     | Found a staircase to the Lair.
 11538 | D:10     | Noticed Joseph
 11551 | D:10     | HP: 2/45 [something (14)]
 11670 | D:10     | Killed Joseph
 12417 | D:11     | Noticed a centaur warrior
 12421 | D:11     | Killed a centaur warrior
 12422 | D:11     | Reached skill level 11 in Spellcasting
 12422 | D:11     | Reached skill level 5 in Evocations
 12515 | D:10     | HP: 2/45 [wraith (11)]
 12865 | D:11     | Reached XP level 11. HP: 20/49 MP: 6/28
 13537 | D:11     | Noticed a deep elf pyromancer
 13543 | D:11     | Killed a deep elf pyromancer
 13544 | D:11     | Reached skill level 10 in Air Magic
 13547 | D:11     | Reached skill level 5 in Invocations
 13653 | D:11     | Noticed a boulder beetle
 13673 | D:11     | Killed a boulder beetle
 13685 | D:11     | Noticed a boulder beetle
 13926 | D:11     | Killed a boulder beetle
 14205 | D:11     | Reached skill level 12 in Spellcasting
 14464 | D:11     | Reached skill level 1 in Staves
 14564 | D:11     | Noticed a four-headed hydra
 14570 | D:11     | Killed a four-headed hydra
 14627 | D:11     | Found a staircase to the Orcish Mines.
 14988 | D:11     | Reached XP level 12. HP: 54/54 MP: 26/30
 15169 | Lair:1   | Entered Level 1 of the Lair of Beasts
 15449 | Lair:1   | Noticed a boulder beetle
 15456 | Lair:1   | Killed a boulder beetle
 16301 | Lair:2   | Reached skill level 5 in Translocations
 16359 | Lair:2   | Noticed a five-headed hydra
 16362 | Lair:2   | Killed a five-headed hydra
 16797 | Lair:2   | Noticed a six-headed hydra
 16802 | Lair:2   | Killed a six-headed hydra
 16945 | Lair:2   | Noticed a death yak
 16954 | Lair:2   | Reached skill level 13 in Spellcasting
 16954 | Lair:2   | Killed a death yak
 17583 | Lair:2   | Found a staircase to the Swamp.
 18215 | Lair:3   | You fall into a shaft and drop 1 floor!
 18222 | Lair:4   | Noticed an eight-headed hydra
 18228 | Lair:4   | Killed an eight-headed hydra
 18229 | Lair:4   | Reached XP level 13. HP: 57/57 MP: 21/32
 18495 | Lair:3   | Reached ****** piety under Hepliaklqana
 18500 | Lair:3   | Found a staircase to the Snake Pit.
 19327 | Lair:4   | Noticed Sonja
 19330 | Lair:4   | Killed Sonja
 19491 | Lair:4   | Learned a level 4 spell: Summon Lightning Spire
 20925 | Lair:5   | Reached skill level 14 in Spellcasting
 21180 | Lair:5   | Found a viscous altar of Jiyva.
 21180 | Lair:5   | Found a staircase to the Slime Pits.
 21778 | Lair:6   | Entered Level 6 of the Lair of Beasts
 22184 | Lair:6   | Identified a scroll of acquirement
 22185 | Lair:6   | Acquired a staff of air
 22574 | Lair:6   | Reached skill level 1 in Summonings
 22702 | Lair:6   | Noticed Kirke
 22710 | Lair:6   | Killed Kirke
 23119 | Lair:6   | Reached XP level 14. HP: 61/61 MP: 34/34
 23160 | Lair:6   | Found a runed translucent door.
 23160 | Lair:6   | Noticed mdk's ghost (journeyman VSFi)
 23817 | Lair:6   | Killed mdk's ghost
 23982 | Lair:6   | Reached skill level 15 in Spellcasting
 24487 | Lair:6   | Identified the +0 pair of boots of the Evening {Harm rF+}
 25008 | Orc:1    | Entered Level 1 of the Orcish Mines
 25008 | Orc:1    | Found Jaighid's Magic Scroll Boutique.
 25333 | Orc:1    | Bought a scroll of torment for 127 gold pieces
 25790 | Orc:2    | Entered Level 2 of the Orcish Mines
 25805 | Orc:2    | Noticed Erolcha
 25815 | Orc:2    | Noticed an orc warlord
 26081 | Orc:1    | Killed an orc warlord
 26322 | D:11     | Slain by an orc warrior

Illustrated notes

Levels and vault maps discovered:
D:1:      amcnicky_arrival_double_pillar, layout_basic, basic_ecumenical_altar,
          chequers_serial_rivers_large_a, feat_on_display
D:2:      layout_basic
D:3:      gammafunk_steamed_eel, layout_loops_cross
D:4:      layout_rooms, kennysheep_mini_moat, minmay_misc_feat_cross,
          uniq_natasha, uniq_robin
D:5:      layout_loops_corners, ebering_ghost_rock_garden,
          kennysheep_generic_room_14
D:6:      kennysheep_spiral_hall, layout_rooms, minivault_11
D:7:      layout_basic, beargit_hepliaklqana_dungeon_heroes,
          minmay_temple_entry_glass, enter_bailey_2
D:8:      layout_layer_cave
D:9:      layout_cave_pools
D:10:     layout_basic, lair_entry_dummy, uniq_joseph
D:11:     minmay_s_stair_smasher, layout_cave_pools, zombieorc2_lemuel,
          portal_ice_cave_entry_ice_simulacra, nrook_uturn
Lair:1:   layout_long_grid
Lair:2:   layout_loops_ring, palyth_hydra_swamp_entry,
          infiniplex_staircase_pool, grunt_megastairs_3
Lair:3:   layout_chaotic_city, guppyfry_snake_entry_garden, st_stairs_11,
          serial_bayou_lake_a
Lair:4:   hellmonk_destroyed_diamonds, layout_cave_pods,
          nicolae_volcano_entry_two_sided, uniq_sonja
Lair:5:   layout_big_grid, slime_altar_1, beast_lair_carwin_4
Lair:6:   grunt_lair_end_beastmaster, layout_regular_city,
          gammafunk_ghost_grave, uniq_kirke
Orc:1:    layout_caves, serial_shops, shop_scrolls
Orc:2:    grunt_orc_gardens, layout_diamond_mine, grunt_orc_garden,
          grunt_orc_garden, grunt_orc_garden, grunt_orc_garden, basic_altar,
          minmay_orc_temple_b, uniq_erolcha

Skill      XL: |  1  2  3  4  5  6  7  8  9 10 11 12 13 14 |
---------------+-------------------------------------------+-----
Armour         | 1 2 4 |  4.1
Stealth        | 3 4 |  4.0
Spellcasting   | 4 5 7 8 9 11 12 13 14 15 | 15.4
Conjurations   | 2 3 4 5 6 7 8 9 |  9.8
Air Magic      | 4 5 7 9 10 12 14 | 14.9
Evocations     | 1 2 4 5 6 7 8 |  8.3
Invocations    | 2 3 4 5 6 7 8 |  8.0
Short Blades   | 1 |  1.0
Axes           | 2 3 4 |  4.2
Dodging        | 3 |  3.5
Translocations | 2 4 6 7 |  7.9
Staves         | 1 |  1.3
Summonings     | 1 3 |  3.1
Fighting       | |  0.7

Action                   |  1- 3 |  4- 6 |  7- 9 | 10-12 | 13-15 || total
-------------------------+-------+-------+-------+-------+-------++-------
Melee: Rapier            |       |     1 |       |       |       ||     1
       Dagger            |       |       |     1 |       |       ||     1
       Hand axe          |       |       |     4 |       |       ||     4
       Staff             |       |       |       |   127 |    40 ||   167
       Punch             |       |       |       |     5 |     1 ||     6
 Cast: Shock             |    71 |    52 |   152 |    69 |    15 ||   359
       Airstrike         |       |       |    38 |   230 |   236 ||   504
       Lightning Bolt    |       |       |       |    22 |    21 ||    43
       Blink             |       |       |       |     1 |     3 ||     4
       Summon Lightning  |       |       |       |       |     4 ||     4
       Swiftness         |       |       |       |       |     2 ||     2
       Static Discharge  |       |       |       |       |     2 ||     2
Invok: Ancestor Identity |     1 |       |       |       |       ||     1
       Ancestor Life: Ba |       |     1 |       |       |       ||     1
       Idealise          |       |       |       |     1 |       ||     1
       Recall Ancestor   |       |       |       |       |     2 ||     2
Evoke: Wand              |     2 |     5 |       |     2 |     6 ||    15
  Use: Scroll            |     6 |     7 |    10 |     1 |     5 ||    29
       Potion            |       |     3 |     1 |     5 |     1 ||    10
 Stab: Paralysed         |       |       |       |    12 |       ||    12
       Distracted        |       |       |       |     2 |       ||     2
Armor: Leather armour    |     9 |     3 |    11 |   122 |       ||   145
       Troll leather arm |       |       |       |    11 |    36 ||    47
Dodge: Dodged            |    17 |     7 |    44 |   259 |    88 ||   415
